 Dungeon Crawl Stone Soup version 0.26.0-57-g60708a5e39 (webtiles) character file.

Game seed: 11042742262299303953

84 PentaManta the Ruffian (level 4, 0/28 HPs)
             Began as a Gargoyle Fighter on Feb 1, 2021.
             Slain by a quokka (2 damage)
             ... on level 3 of the Dungeon.
             The game lasted 00:02:18 (2098 turns).

PentaManta the Ruffian (Gargoyle Fighter)           Turns: 2098, Time: 00:02:19

Health: 0/28       AC: 10    Str: 21    XL:     4   Next: 46%
Magic:  4/4        EV:  7    Int:  8    God:
Gold:   52         SH:  9    Dex:  9    Spells: 3/3 levels left

rFire    . . .     SeeInvis .     - Unarmed
rCold    . . .     Faith    .   b - +0 kite shield
rNeg     + . .     Spirit   .   a - +0 scale mail
rPois    ∞         Reflect  .   (no helmet)
rElec    +         Harm     .   (no cloak)
rCorr    .         Rampage  .   (no gloves)
Will     .....                  (no boots)
Stlth    ..........             (no amulet)
HPRegen  0.09/turn              (no ring)
MPRegen  0.09/turn              (no ring)

@: no status effects
A: negative energy resistance 1, electricity resistance, unbreathing,
petrification resistance, miasma immunity, AC +3
a: no special abilities


You were on level 3 of the Dungeon.
You visited 1 branch of the dungeon, and saw 3 of its levels.

You collected 52 gold pieces.

Inventory:

Hand Weapons
 k - a +0 hunting sling
Missiles
 l - 124 stones (quivered)
Armour
 a - a +0 scale mail (worn)
 b - a +0 kite shield (worn)
Scrolls
 d - a scroll of identify {unknown}
 e - 6 scrolls of remove curse {unknown}
 f - 4 scrolls of teleportation {unknown}
 g - 2 scrolls of immolation {unknown}
 h - 2 scrolls of enchant armour {unknown}
 j - 2 scrolls of fog {unknown}
 m - a scroll of noise {unknown}
Potions
 c - a potion of might
 i - a potion of heal wounds {unknown}
 n - a potion of haste {unknown}


   Skills:
 - Level 3.2 Fighting
 - Level 3.2 Armour
 - Level 3.7 Shields
 * Level 4.2 Unarmed Combat


You had 3 spell levels left.
You didn't know any spells.
Your spell library was empty.

Dungeon Overview and Level Annotations

Branches:
Dungeon (3/15)

Altars:
Dithmenos


Innate Abilities, Weirdness & Mutations

You are resistant to torment.
Your stone body is resilient. (AC +3)
You are immune to poison.
You resist negative energy. (rN+)
You are resistant to electric shocks. (rElec)
You can survive without breathing.
You are immune to petrification.
You are immune to miasma.


Message History

The orc priest mumbles some strange prayers to Beogh against you.
Beogh smites you!
Ouch! That really hurt!
You are too injured to fight recklessly!
You are too injured to fight recklessly!
You are too injured to fight recklessly!
You are too injured to fight recklessly!
You hit the adder.
You kill the adder!
You block the kobold's attack.
You closely miss the orc priest.
The quokka bites you but does no damage.
The kobold hits you but does no damage. The quokka barely misses you.
The orc priest calls down the wrath of Beogh upon you.
Beogh smites you!
* * * LOW HITPOINT WARNING * * *
Unknown command.
You closely miss the orc priest. The kobold barely misses you.
The quokka bites you.
You die...

###+# §:
#.... .# ##
#..>. _.§.
#....# #.#.
#.....#§§§ #
#......#§#.#
#....K.§.§.#
#....o@o#
#....r.##
###+#oo.
$..)##
.....+
.......#
.$.....#
.......#


You could see an orc priest, 3 orcs, a quokka and a kobold.

Vanquished Creatures
  A gnoll (D:2)
  3 adders
  2 worms (D:2)
  A dart slug (D:1)
  3 bats
  A giant cockroach (D:2)
  8 goblins
  5 hobgoblins
  3 jackals (D:1)
  A ball python (D:2)
  2 frilled lizards (D:1)
  2 kobolds (D:2)
  8 rats
40 creatures vanquished.

Vanquished Creatures (others)
  A bat (D:1)
1 creature vanquished.

Grand Total: 41 creatures vanquished

Notes
Turn   | Place    | Note
-------+----------+-------------------------------------------
     0 | D:1      | PentaManta the Gargoyle Fighter began the quest for the
                  | Orb.
     0 | D:1      | Reached XP level 1. HP: 14/14 MP: 1/1
    55 | D:1      | Reached XP level 2. HP: 13/19 MP: 2/2
  1083 | D:2      | Reached skill level 3 in Unarmed Combat
  1083 | D:2      | Reached XP level 3. HP: 13/23 MP: 3/3
  1667 | D:2      | Reached XP level 4. HP: 28/28 MP: 4/4
  1846 | D:2      | Reached skill level 4 in Unarmed Combat
  2090 | D:3      | Found a shadowy altar of Dithmenos.
  2098 | D:3      | Slain by a quokka

Illustrated notes

Levels and vault maps discovered:
D:1:      sevenhm_arrival_forest_fort_large_4, layout_loops_ring,
          minmay_misc_feat_tiny, lemuel_old_faithful
D:2:      layout_loops_corners, minmay_pentomino_r4
D:3:      layout_basic, old_standard_altar, grunt_dithmenos_smoke_and_mirrors,
          gammafunk_ghost_cemetery, uniq_crazy_yiuf_cottage, uniq_robin

Skill      XL: |  1  2  3  4 |
---------------+-------------+-----
Unarmed Combat | 3 4 |  4.2
Fighting       | |  3.2
Armour         | |  3.2
Shields        | |  3.7

Action                   |  1- 3 |  4- 6 || total
-------------------------+-------+-------++-------
Melee: Unarmed           |   144 |    39 ||   183
Armor: Scale mail        |    74 |    16 ||    90
Dodge: Dodged            |    51 |     7 ||    58
Block: Kite shield       |    72 |    14 ||    86
